 Dungeon Crawl Stone Soup version 0.30.0-5-g1a98f26d00 (webtiles) character file.

Game seed: 17478711336923977284

542 Demosthentine the Poker (level 7, 54/54 HPs)
             Began as a Demonspawn Gladiator on May 8, 2023.
             Got out of the dungeon alive.
             The game lasted 00:03:41 (2683 turns).

Demosthentine the Poker (Demonspawn Gladiator)      Turns: 2683, Time: 00:03:42

Health: 54/54      AC: 11    Str: 17    XL:     7   Next: 6%
Magic:  7/7        EV: 13    Int:  9    God:
Gold:   252        SH:  0    Dex: 14    Spells: 6/6 levels left

rFire   + . .        a - +1 trident
rCold   . . .        (no shield)
rNeg    . . .        b - +0 leather armour
rPois   .            c - +0 helmet
rElec   .            i - +1 cloak
rCorr   .            l - +0 pair of gloves
SInv    .            (no boots)
Will    .....        (no amulet)
Stlth   +            h - ring of protection from fire
HPRegen 0.29/turn    p - +4 ring of protection
MPRegen 0.10/turn

%: no passive effects
@: no status effects
A: claws 1, powered by death 1, sturdy frame 2
a: no special abilities


You escaped.
You visited 1 branch of the dungeon, and saw 4 of its levels.

You collected 252 gold pieces.

Inventory:

Hand Weapons
 a - a +1 trident (weapon)
Missiles
 d - a throwing net (quivered)
 e - a javelin
 n - 3 datura-tipped darts
 s - 5 poisoned darts
Armour
 b - a +0 leather armour (worn)
 c - a +0 helmet (worn)
 i - a +1 cloak (worn)
 l - a +0 pair of gloves (worn)
Jewellery
 h - a ring of protection from fire (left hand)
 p - a +4 ring of protection (right hand)
Scrolls
 f - a scroll of teleportation
 j - a scroll of fear
Potions
 g - a potion of brilliance
 m - 2 potions of heal wounds
 o - 2 potions of lignification {unknown}
 q - 2 potions of curing {unknown}
 r - 2 potions of mutation {unknown}
 u - a potion of magic


   Skills:
 + Level 4.1 Fighting
 + Level 4.3 Polearms
 - Level 1.7 Throwing
 + Level 3.1 Armour
 + Level 4.3 Dodging


You had 6 spell levels left.
You didn't know any spells.
Your spell library contained the following spells:

 Spells                   Type           Power      Damage    Failure   Level
 Tukima's Dance           Hex            0%         N/A       77%         3
 Manifold Assault         Tloc           0%         N/A       99%         4
 Passage of Golubria      Tloc           0%         N/A       99%         4
 Yara's Violent Unravell  Hex/Tmut       0%         3d3       100%        5
 Dispersal                Tloc           0%         N/A       100%        6
 Disjunction              Tloc           0%         N/A       100%        8


Dungeon Overview and Level Annotations

Branches:
Dungeon (4/15)
 Temple: D:4-7

Altars:


Innate Abilities, Weirdness & Mutations

You have sharp fingernails.
You regenerate a little health from kills.
Your movements are less encumbered by armour. (ER -4)


Message History

You're too confused to move!
Something hits you but does no damage.
You puncture something!
Reactivating autopickup.
You feel a bit more experienced.
You bump into the rock wall.
You feel less confused. The orc hits you but does no damage.
You barely miss the orc. The orc hits you but does no damage.
You puncture the orc!
You kill the orc!
Items here: )) [[ ††.
f - a scroll of teleportation
Things that are here:
a +0 dagger; a ball python corpse
(D) Dungeon
Where to? (Enter - D:4, ? - help)
What level of the Dungeon? (default 1, ? - help)
Items here: )) [[ ††.
There is a stone staircase leading up here.
You climb upwards.
There is a stone staircase leading down here.
There is a stone staircase leading up here.
You climb upwards.
There is a stone staircase leading down here.
You see here a +0 flail.
There is a stone staircase leading up here.
You climb upwards.
There is a stone staircase leading down here.
Press: ? - help, . - travel You can't see that place. [a staircase leading out of the dungeon.]
There is an open door here.
There is an open door here.
There is an open door here.
There is an open door here.
You see here 7 stones.
There is an open door here.
There is a staircase leading out of the dungeon here.
Are you sure you want to leave the Dungeon?
This will make you lose the game!
You have escaped!

#.# #~~~~~~~~~.....~~~~~~~~~#...#
#.###~~~~~~~~~~~.~~~~~~~~~~~##..#
..>.#~♣P♣P♣P♣PP~.~♣P.♣♣♣P♣♣~##...
#.#.#~♣♣PP♣P♣P♣~.~♣♣P♣PP♣♣.~#....
#.#.#~~~~~~~~~~~.~~~~~~~~~~~##...
....############'##############.#
#......# #.# #.....### #.#
#####.## #.# #.....#.## #.#
#####.####.# #..@..#..## ##'#
.........#.#########...# ##...
#####.........##.......# ##....
.####......##.##.......# ##.....
..#.[......##.###......####......
..'.......................'......
..#(##.....##.######...####......
..#.###.#..##.# #..## ##....(
.##.# #.#..##.# #..# ##....


There were no monsters in sight!

Vanquished Creatures
  Sigmund (D:3)
  A gnoll bouda (D:3)
  An orc priest (D:4)
  An iguana (D:4)
  Terence (D:2)
  An orc wizard (D:4)
  Natasha (thrice) (D:3)
  4 gnolls
  5 adders
  2 worms
  2 dart slugs (D:2)
  7 orcs
  7 ball pythons
  6 endoplasms
  A giant cockroach (D:1)
  7 goblins
  5 hobgoblins
  3 quokkas
  6 bats
  4 frilled lizards
  7 kobolds
  6 rats
81 creatures vanquished.

Notes
Turn   | Place    | Note
-------+----------+-------------------------------------------
     0 | D:1      | Demosthentine the Demonspawn Gladiator began the quest for
                  | the Orb.
     0 | D:1      | Reached XP level 1. HP: 16/16 MP: 1/1
   212 | D:1      | Found a faded altar of an unknown god.
   369 | D:1      | Gained mutation: You regenerate a little health from kills.
                  | [demonic ancestry]
   369 | D:1      | Reached XP level 2. HP: 22/22 MP: 2/2
  1021 | D:2      | Reached skill level 1 in Armour
  1021 | D:2      | Gained mutation: Your movements are slightly less
                  | encumbered by armour. (ER -2) [demonic ancestry]
  1021 | D:2      | Reached XP level 3. HP: 27/28 MP: 3/3
  1032 | D:2      | Noticed Terence
  1089 | D:2      | Killed Terence
  1090 | D:2      | Reached XP level 4. HP: 16/34 MP: 4/4
  1617 | D:3      | Noticed Natasha
  1626 | D:3      | Killed Natasha
  1638 | D:3      | Gained mutation: Your movements are less encumbered by
                  | armour. (ER -4) [demonic ancestry]
  1638 | D:3      | Reached XP level 5. HP: 30/41 MP: 5/5
  1933 | D:3      | Noticed Sigmund
  1979 | D:3      | Killed Sigmund
  1980 | D:3      | Reached XP level 6. HP: 44/48 MP: 6/6
  2069 | D:3      | Noticed Natasha
  2079 | D:3      | Killed Natasha
  2360 | D:3      | Identified the +6 trident of Mastery {venom, Contam rElec
                  | rPois Dex+3}
  2407 | D:3      | Noticed Natasha
  2416 | D:3      | Killed Natasha
  2538 | D:4      | Gained mutation: You have sharp fingernails. [demonic
                  | ancestry]
  2538 | D:4      | Reached XP level 7. HP: 51/54 MP: 7/7
  2683 | D:$      | Got out of the dungeon alive.

Illustrated notes

Levels and vault maps discovered:
D:1:      lightli_arrival_farm, layout_loops_corners,
          hellmonk_ecumenical_altar_lost_god, minivault_27, minmay_tall_x
D:2:      layout_rooms, uniq_terence
D:3:      layout_loops_ring, minmay_fractal_squares_gapless_5, uniq_sigmund,
          uniq_natasha
D:4:      layout_loops_ring, lemuel_coloured_pillars_altar,
          nicolae_overflow_hidden_temple, serial_shops, shop,
          nicolae_stop_n_shop_1

Skill      XL: |  1  2  3  4  5  6 |
---------------+-------------------+-----
Dodging        | 3 4 |  4.3
Polearms       | 3 4 |  4.3
Armour         | 1 2 3 |  3.1
Fighting       | 3 4 |  4.1
Throwing       | |  1.7

Action                     |  1- 3 |  4- 6 |  7- 9 || total
---------------------------+-------+-------+-------++-------
  Melee: Trident           |   116 |   234 |     6 ||   356
         Punch             |       |     3 |       ||     3
  Throw: Throwing net      |     1 |     1 |       ||     2
    Use: Scroll            |     6 |     7 |       ||    13
   Stab: Sleeping          |       |     3 |       ||     3
         Held in net/web   |       |     1 |       ||     1
 Armour: Leather armour    |    65 |    69 |     3 ||   137
  Dodge: Dodged            |    90 |   153 |     1 ||   244
